 Dungeon Crawl Stone Soup version 0.26.1-11-gd32895ea62 (webtiles) character file.

Game seed: 582540172446978241

76 Descartes the Ducker (level 4, -4/19 HPs)
             Began as a Felid Transmuter on July 2, 2021.
             Slain by a worm (11 damage)
             ... on level 3 of the Dungeon.
             The game lasted 00:05:42 (4205 turns).

Descartes the Ducker (Felid Transmuter)             Turns: 4205, Time: 00:05:43

Health: -4/19      AC:  1    Str:  7    XL:     4   Next: 12%
Magic:  8/8        EV: 19    Int: 14    God:
Gold:   116        SH:  0    Dex: 16    Spells: 0/7 levels left
                                        Lives:  0   Deaths: 1

rFire    . . .     SeeInvis +     - Unarmed
rCold    . . .     Faith    .   (shield unavailable)
rNeg     . . .     Spirit   .   (armour unavailable)
rPois    .         Reflect  .   (helmet unavailable)
rElec    .         Harm     .   (cloak unavailable)
rCorr    .         Rampage  .   (gloves unavailable)
Will     .....                  (boots unavailable)
Stlth    +++.......             (no amulet)
HPRegen  0.06/turn              (no ring)
MPRegen  0.11/turn              (no ring)

@: quick
A: very small, no armour, no weapons or thrown items, stealth, claws 1, fangs 3,
see invisible, speed 1, shaggy fur 1, sharp paws
a: no special abilities


You were on level 3 of the Dungeon.
You visited 1 branch of the dungeon, and saw 3 of its levels.

You collected 116 gold pieces.

Inventory:

Missiles
 d - 126 stones
Jewellery
 e - a +6 ring of strength {unknown}
Scrolls
 a - 5 scrolls of identify {unknown}
 b - 3 scrolls of magic mapping {unknown}
 c - 3 scrolls of remove curse {unknown}
 h - a scroll of fog {unknown}
 i - 2 scrolls of fear {unknown}
Potions
 f - 3 potions of heal wounds {unknown}
 g - 2 potions of curing {unknown}
 j - a potion of brilliance {unknown}
 k - a potion of berserk rage {unknown}


   Skills:
 - Level 1.0 Fighting
 + Level 4.0 Dodging
 + Level 3.1 Stealth
 + Level 3.8 Unarmed Combat
 - Level 2.0 Spellcasting
 + Level 3.3 Transmutations


You couldn't memorise any spells.
You knew the following spells:

 Your Spells              Type           Power        Failure   Level
a - Beastly Appendage     Tmut           20%          6%          1
b - Wereblood             Tmut           10%          9%          2
c - Ice Form              Ice/Tmut       6%           75%         4

Your spell library contained the following spells:

 Spells                   Type           Power        Failure   Level
 Spider Form              Tmut/Pois      3%           34%         3
 Blade Hands              Tmut           5%           86%         5


Dungeon Overview and Level Annotations

Branches:
Dungeon (3/15)

Altars:
Ashenzari
Cheibriados
Qazlal

Annotations:
D:3 Grinder


Innate Abilities, Weirdness & Mutations

You cannot wear armour.
You are incapable of wielding weapons or throwing items.
Your paws allow you to move quietly. (Stealth)
You have sharp claws.
You have razor-sharp teeth.
You have supernaturally acute eyesight. (SInv)
You cover ground quickly.
You are covered in fur. (AC +1)
Your sharp claws are effective at attacking unaware monsters.


Message History

You kill the goblin!
A rat comes into view.
A worm comes into view.
You scratch the rat.
You kill the rat!
Your transformation is almost over.
The worm bites you.
Found 4 gold pieces.
You scratch the worm.
The worm is lightly wounded.
You scratch the worm.
The worm is moderately wounded.
The worm bites you!
Ouch! That really hurt!
You are too injured to fight recklessly!
You are too injured to fight recklessly!
You now have 116 gold pieces (gained 7).
Your horns disappear.
The worm bites you!
Ouch! That really hurt!
You die...

.#.########.#..#.# ...#
.#.........#÷..#.##.#..#
..........#...÷.........
.........#..##...###.. #
.########.÷###.#.#.#.#.#
.# #..# #...#.#...# .#
#.....###...### . .#
##..#.#.#.#.#.# #.. ##
#....##@#.#.##..
#.###.w#.#.#..#
#.#?..#.#.#.#..[#
###..#.#.#..###
..?##.#w#†##..
...#.#[#.#.#!#.#.. ..
..###w..### . . ##
.#.#... ## #. $#.#.#


You could see a worm.

Vanquished Creatures
  5 adders
  An ooze (D:1)
  2 worms
  2 dart slugs (D:1)
  2 leopard geckos (D:3)
  3 giant cockroaches
  4 hobgoblins
  12 jackals
  3 quokkas
  A ball python (D:2)
  2 bats
  5 frilled lizards
  11 goblins
  5 kobolds (D:1)
  7 rats
65 creatures vanquished.

Notes
Turn   | Place    | Note
-------+----------+-------------------------------------------
     0 | D:1      | Descartes the Felid Transmuter began the quest for the Orb.
     0 | D:1      | Reached XP level 1. HP: 9/9 MP: 4/4
    94 | D:1      | Reached skill level 3 in Dodging
    94 | D:1      | Reached skill level 1 in Stealth
    94 | D:1      | Reached XP level 2. HP: 12/12 MP: 6/6
  1206 | D:1      | Reached XP level 3. HP: 11/15 MP: 7/7
  1691 | D:2      | Found a broken altar of Ashenzari.
  1693 | D:2      | Found a snail-covered altar of Cheibriados.
  1698 | D:2      | Found a stormy altar of Qazlal.
  2758 | D:2      | Reached XP level 4. HP: 6/19 MP: 8/8
  3507 | D:3      | Noticed Grinder
  3519 | D:2      | Learned a level 2 spell: Wereblood
  3524 | D:2      | Learned a level 4 spell: Ice Form
  3569 | D:3      | HP: 1/22 [Grinder (3)]
  3569 | D:3      | Slain by Grinder
  3570 | D:3      | Reached XP level 3. HP: -3/18 MP: 5/7
  3843 | D:3      | Reached skill level 4 in Dodging
  3848 | D:3      | Reached XP level 4. HP: 5/19 MP: 4/8
  4205 | D:3      | Slain by a worm

Illustrated notes

Levels and vault maps discovered:
D:1:      wander_arrival_fairy_ring, layout_basic
D:2:      layout_basic, minitemple, minmay_tromino_v4_a
D:3:      layout_loops_ring, minmay_starry_boxes, uniq_grinder

Skill      XL: |  1  2  3 |
---------------+----------+-----
Dodging        | 3 4 |  4.0
Stealth        | 1 3 |  3.1
Transmutations | 3 |  3.3
Fighting       | |  1.0
Unarmed Combat | |  3.8
Spellcasting   | |  2.0

Action                   |  1- 3 |  4- 6 || total
-------------------------+-------+-------++-------
Melee: Unarmed           |   163 |    54 ||   217
       Bite              |    17 |     1 ||    18
       Headbutt          |     4 |     5 ||     9
       Punch             |       |     1 ||     1
 Cast: Beastly Appendage |     7 |    12 ||    19
       Wereblood         |     2 |       ||     2
       Ice Form          |       |     1 ||     1
 Stab: Sleeping          |     6 |     1 ||     7
Armor: Skin              |     5 |     1 ||     6
Dodge: Dodged            |   153 |    32 ||   185
